 Dungeon Crawl Stone Soup version 0.24.0-35-gdb84b6a5db (webtiles) character file.

Game seed: 16297939614439800558, levelgen mode: deterministic

115 PentaManta the Sneak (level 4, -3/33 HPs)
             Began as a Vampire Assassin on Nov 17, 2019.
             Slain by a phantom (5 damage)
             ... on level 5 of the Dungeon.
             The game lasted 00:02:38 (2022 turns).

PentaManta the Sneak (Vampire Assassin)             Turns: 2022, Time: 00:02:38

Health: -3/33      AC:  3    Str: 10    XL:     4   Next: 68%
Magic:  4/4        EV: 11    Int: 13    God:
Gold:   161        SH:  7    Dex: 16    Spells: 3/3 levels left

rFire    . . .     SeeInvis +   o - +1 dagger (flame)
rCold    . . .     Gourm    .   n - +0 shield
rNeg     . . .     Faith    .   b - +0 robe
rPois    .         Spirit   .   (no helmet)
rElec    .         Reflect  .   c - +0 cloak
rCorr    .         Harm     .   (no gloves)
MR       .....                  (no boots)
Stlth    +++.......             (no amulet)
HPRegen  0.31/turn              (no ring)
MPRegen  0.09/turn              (no ring)

@: regenerating quickly
A: no food, fangs 3, see invisible, unbreathing
a: Exsanguinate


You were on level 5 of the Dungeon.
You were alive.

You visited 1 branch of the dungeon, and saw 4 of its levels.

You collected 161 gold pieces.

Inventory:

Hand Weapons
 a - a +2 dagger
 o - a +1 dagger of flaming (weapon)
Missiles
 d - 8 poisoned darts (quivered)
 e - 2 curare-tipped darts
Armour
 b - a +0 robe (worn)
 c - a +0 cloak (worn)
 n - a +0 shield (worn)
Scrolls
 f - 6 scrolls of identify {unknown}
 g - 3 scrolls of teleportation {unknown}
 h - 3 scrolls of remove curse {unknown}
 i - a scroll of enchant armour {unknown}
 j - 5 scrolls of random uselessness {unknown}
 m - 2 scrolls of enchant weapon {unknown}
 p - 2 scrolls of fear {unknown}
 s - a scroll of fog {unknown}
Potions
 k - 2 potions of flight {unknown}
 l - a potion of mutation {unknown}
 q - a potion of ambrosia {unknown}
 r - 2 potions of curing {unknown}
 t - a potion of haste {unknown}
 u - a potion of agility {unknown}


   Skills:
 - Level 1.7 Fighting
 + Level 3.1 Short Blades
 - Level 1.5 Throwing
 * Level 3.2 Dodging
 + Level 6.6 Stealth
 * Level 1.5 Shields


You had 3 spell levels left.
You didn't know any spells.
Your spell library was empty.

Dungeon Overview and Level Annotations

Branches:
Dungeon (5/15)
 Temple: D:4-7

Altars:
Elyvilon
Makhleb
Qazlal


Innate Abilities, Weirdness & Mutations

You do not eat.
Your natural rate of healing is unusually fast.
You have razor-sharp teeth.
You have supernaturally acute eyesight. (SInv)
You can survive without breathing.


Message History

You are too injured to fight recklessly!
You are too injured to fight recklessly!
You are too injured to fight recklessly!
You hit the bullfrog skeleton. You burn the bullfrog skeleton.
Your bite misses the bullfrog skeleton.
The bullfrog skeleton is lightly damaged.
The bullfrog skeleton hits you.
You hit the bullfrog skeleton. You burn the bullfrog skeleton.
You bite the bullfrog skeleton, but do no damage.
The bullfrog skeleton is moderately damaged.
The bullfrog skeleton hits you.
* * * LOW HITPOINT WARNING * * *
The phantom hits you.
* * * LOW HITPOINT WARNING * * *
You barely miss the bullfrog skeleton.
You bite the bullfrog skeleton, but do no damage.
The bullfrog skeleton is moderately damaged.
The bullfrog skeleton barely misses you.
The phantom hits you.
You die...

...#..............
...$...........##..
#####.#.........#...
#...##.#........ .
#....###........#
#....###...##...# #.
#..##...#.... #.
#............
#.@W.........
.......#Z.........
.....#.#..........
...# #............
.. #............ .
##........#..
..#......# ..
......#


You could see a phantom and a bullfrog skeleton.

Vanquished Creatures
  A centaur skeleton (D:4)
  2 adders
  An adder zombie (D:1)
  A worm (D:2)
  3 dart slugs
  2 leopard geckos (D:1)
  An orc (D:4)
  A bat zombie (D:1)
  4 giant cockroaches
  7 goblins
  5 jackals
  6 kobolds
  A quokka (D:2)
  A ball python (D:4)
  6 bats
  2 frilled lizards
  A quokka skeleton (D:4)
  4 rats (D:1)
49 creatures vanquished.

Notes
Turn   | Place    | Note
-------+----------+-------------------------------------------
     0 | D:1      | PentaManta the Vampire Assassin began the quest for the
                  | Orb.
     0 | D:1      | Reached XP level 1. HP: 16/16 MP: 1/1
    94 | D:1      | Reached skill level 6 in Stealth
   104 | D:1      | Reached XP level 2. HP: 22/22 MP: 2/2
   552 | D:1      | Reached XP level 3. HP: 27/27 MP: 3/3
   932 | D:2      | Found a stormy altar of Qazlal.
  1081 | D:2      | Found a white marble altar of Elyvilon.
  1148 | D:2      | Reached skill level 1 in Shields
  1166 | D:2      | You fall into a shaft and drop 2 floors!
  1177 | D:4      | Reached XP level 4. HP: 32/33 MP: 4/4
  1331 | D:4      | Found a burning altar of Makhleb.
  1994 | D:5      | Entered Level 5 of the Dungeon
  2003 | D:5      | Noticed a phantom
  2022 | D:5      | Slain by a phantom

Levels and vault maps discovered:
D:1:      saegor_arrival_fortress, layout_loops_ring
D:2:      layout_basic, elyvilon_altar_3, lemuel_doored_altar
D:4:      layout_basic, bloody_makhleb, first_ration
D:5:      layout_cave_pools, temple_green, basic_altar, item_on_display_a,
          uniq_eustachio

Skill      XL: |  1  2  3  4 |
---------------+-------------+-----
Stealth        | 6 |  6.6
Dodging        | 2 3 |  3.2
Shields        | 1 |  1.5
Short Blades   | 3 |  3.1
Fighting       | |  1.7
Throwing       | |  1.5

Action                   |  1- 3 |  4- 6 || total
-------------------------+-------+-------++-------
Melee: Dagger            |   112 |    28 ||   140
       Bite              |     9 |     5 ||    14
 Stab: Sleeping          |    11 |     1 ||    12
Armor: Robe              |    18 |     6 ||    24
Dodge: Dodged            |    69 |     8 ||    77
Block: Shield            |       |     4 ||     4
